 Dungeon Crawl Stone Soup version 0.21-a0-84-g85d6d27 (webtiles) character file.

64 polean the Shooter (level 3, -2/29 HPs)
             Began as a Demigod Hunter on July 2, 2017.
             Slain by a gnoll
             ... wielding a +0 flail
              (11 damage)
             ... on level 3 of the Dungeon.
             The game lasted 00:15:49 (1289 turns).

polean the Shooter (Demigod Hunter)                 Turns: 1289, Time: 00:15:50

Health: -2/29      AC:  9    Str: 18      XL:     3   Next: 64%
Magic:  5/5        EV:  8    Int: 12 (15) God:
Gold:   128        SH:  0    Dex: 17 (18) Spells: 2/2 levels left

rFire    . . .     SeeInvis .   n - +0 short sword (venom)
rCold    . . .     Gourm    .   (no shield)
rNeg     . . .     Faith    .   i - +0 chain mail
rPois    .         Spirit   .   k - +0 helmet
rElec    .         Reflect  .   (no cloak)
rCorr    .         Harm     .   (no gloves)
MR       .....                  (no boots)
Stlth    ..........             (no amulet)
HPRegen  0.09/turn              l - +3 ring of strength
MPRegen  0.09/turn              (no ring)

@: no status effects
A: high mp 1
a: no special abilities


You were on level 3 of the Dungeon.
You were not hungry.

You visited 1 branch of the dungeon, and saw 3 of its levels.

You collected 128 gold pieces.

Inventory:

Hand Weapons
 a - a +2 shortbow
 b - a +0 short sword
 h - a +0 hunting sling
 m - a +1 dagger of speed
 n - a +0 short sword of venom (weapon)
Missiles
 d - 23 arrows
 e - 37 bolts
 j - 63 stones (quivered)
Armour
 c - a +1 leather armour
 i - a +0 chain mail (worn)
 k - a +0 helmet (worn)
Jewellery
 l - a +3 ring of strength (left hand)
Scrolls
 p - a scroll of remove curse
Books
 o - a book of Misfortune

   Spells                             Type                      Level
   a - Confusing Touch                Hexes                        1
   b - Confuse                        Hexes                        3
   c - Gell's Gravitas                Translocation                3
   d - Petrify                        Transmutation/Earth          4
   e - Metabolic Englaciation         Hexes/Ice                    5
   f - Yara's Violent Unravelling     Hexes/Transmutation          5
Comestibles
 f - 4 bread rations
 g - 3 chunks of flesh


   Skills:
 + Level 1.9 Fighting
 + Level 0.5 Short Blades
 + Level 4.6 Bows
 + Level 0.1 Armour
 + Level 2.2 Dodging
 + Level 1.0 Stealth


You had 2 spell levels left.
You didn't know any spells.

Dungeon Overview and Level Annotations

Branches:
Dungeon (3/15)


Innate Abilities, Weirdness & Mutations

You have an increased reservoir of magic. (+10% MP)


Message History

You barely miss the gnoll.
The gnoll is heavily wounded.
You hit the gnoll.
The gnoll is poisoned.
The gnoll is lightly wounded.
The gnoll hits you with a flail.
* * * LOW HITPOINT WARNING * * *
You aren't carrying any potions.
You kill the gnoll!
You see here a gnoll skeleton.
A hobgoblin comes into view. It is wielding a club.
The hobgoblin shouts!
The gnoll looks more healthy.
Some of the chunks of flesh in your inventory have rotted away.
A hobgoblin comes into view.
The hobgoblin shouts!
There is a stone staircase leading up here.
Your chain mail prevents you from hitting the gnoll.
The gnoll is almost dead.
The gnoll hits you with a flail!
You die...

### #.. #.####
#.#..# #### #.#..#
..# #.#..#
######.# #.#..#
####....#.###.#..#
...........gg.gg@#
####.#..#.#.####.#
.....#..#.#... ..#
.#####.g#.....####
.# #g.#.#.....
.#####..#...#.###
.#......#.#....
...g...##.#.#..#
##.#####


You could see 2 gnolls and 2 hobgoblins.

Vanquished Creatures
  2 gnolls (D:3)
  An adder (D:2)
  7 bats
  4 giant cockroaches
  6 goblins
  3 hobgoblins (D:1)
  A ball python (D:1)
  2 frilled lizards
  5 kobolds
  5 rats
36 creatures vanquished.

Notes
Turn   | Place    | Note
-------+----------+-------------------------------------------
     0 | D:1      | polean the Demigod Hunter began the quest for the Orb.
     0 | D:1      | Reached XP level 1. HP: 17/17 MP: 3/3
   376 | D:1      | Reached skill level 4 in Bows
   376 | D:1      | Reached XP level 2. HP: 24/24 MP: 4/4
   817 | D:2      | Found a glowing golden altar of the Shining One.
   858 | D:2      | Reached skill level 1 in Stealth
   858 | D:2      | Reached XP level 3. HP: 25/29 MP: 5/5
  1289 | D:3      | Slain by a gnoll

Vault maps used:
D:1:      saegor_arrival_simple_e
D:2:      nicolae_tso_carved_into_rock, serial_park_tiny_pond,
          kennysheep_cluttered_room
D:3:      nicolae_dithmenos_shadow_blocks, first_bread, uniq_crazy_yiuf_cottage

Skill      XL: |  1  2 |
---------------+-------+-----
Bows           | 4 |  4.6
Dodging        | 2 |  2.2
Stealth        | 1 |  1.0
Fighting       | |  1.9
Short Blades   | |  0.5
Armour         | |  0.1

Action                   || total
-------------------------++-------
Melee: Short sword       ||    49
 Fire: Shortbow          ||    53
Throw: Stone             ||     3
  Use: Scroll            ||     9
       Potion            ||     3
  Eat: Chunk             ||     1
Armor: Leather armour    ||    21
       Chain mail        ||     6
Dodge: Dodged            ||    50
